 Dungeon Crawl Stone Soup version 0.22-a0-779-g6f83d72c62 (webtiles) character file.

19764 Oravi the Blocker (level 12, -10/76 HPs)
             Began as a Gargoyle Earth Elementalist on July 19, 2018.
             Was an Elder of Vehumet.
             Mangled by a white ugly thing (52 damage)
             ... on level 11 of the Dungeon.
             The game lasted 02:00:43 (16632 turns).

Oravi the Blocker (Gargoyle Earth Elementalist)    Turns: 16632, Time: 02:01:03

Health: -10/76     AC: 25    Str: 11    XL:     12   Next: 72%
Magic:  20/22      EV: 11    Int: 29    God:    Vehumet [****..]
Gold:   803        SH: 12    Dex: 10    Spells: 5/25 levels left

rFire    . . .     SeeInvis .   G - +6 trident of a bailey {pierce, rPois rC- Int+4}
rCold    x . .     Gourm    .   O - +0 shield {AC+3}
rNeg     + . .     Faith    .   R - +3 leather armour
rPois    ∞         Spirit   .   l - +0 helmet {Int+3}
rElec    +         Reflect  .   H - +2 cloak {rPois}
rCorr    .         Harm     .   p - +1 pair of gloves
MR       +....                  (no boots)
Stlth    +++.......             r - amulet of magic regeneration
HPRegen  0.22/turn              n - +3 ring of slaying
MPRegen  0.43/turn              L - ring of Royalty {rPois MR+ Stlth+}

@: no status effects
A: negative energy resistance 1, electricity resistance, unbreathing,
petrification resistance, rot immunity, AC +8
a: Renounce Religion


You were on level 11 of the Dungeon.
You worshipped Vehumet.
Vehumet was greatly pleased with you.
You were hungry.

You visited 1 branch of the dungeon, and saw 12 of its levels.
You also visited: Bailey.

You collected 803 gold pieces.

Inventory:

Hand Weapons
 e - a +0 short sword
 g - a +0 whip
 o - a +0 flail of crushing
 y - a +1 war axe of chopping
 z - a +3 dagger of venom
 G - the +6 trident of a bailey (weapon) {pierce, rPois rC- Int+4}
   (You found it on level 6 of the Dungeon)

   It inflicts extra damage upon your enemies.
   It affects your intelligence (+4).
   It makes you vulnerable to cold.
   It protects you from poison.
Missiles
 b - 64 stones (quivered)
 u - 10 tomahawks
 C - 5 tomahawks of returning
 K - 127 arrows
Armour
 l - a +0 helmet of intelligence (worn)
 p - a +1 pair of gloves (worn)
 H - a +2 cloak of poison resistance (worn)
 O - a +0 shield of protection (worn)
 P - a +0 shield
 R - a +3 leather armour (worn)
 U - a +1 robe of magic resistance
 V - a +0 troll leather armour
Jewellery
 n - a +3 ring of slaying (left hand)
 r - an amulet of magic regeneration (around neck)
 I - a +4 ring of strength
 L - the ring of Royalty (right hand) {rPois MR+ Stlth+}
   (You found it on level 8 of the Dungeon)

   [ring of protection from magic]

   It protects you from poison.
   It affects your resistance to hostile enchantments.
   It makes you more stealthy.
 S - an uncursed ring of resist corrosion
Wands
 k - a wand of disintegration (8)
 w - a wand of random effects (22)
 E - a wand of paralysis (19)
 N - a wand of flame (52)
 Q - a wand of iceblast (5)
Scrolls
 f - 4 scrolls of remove curse
 i - 10 scrolls of teleportation
 m - 4 scrolls of fear
 F - a scroll of enchant weapon
 M - 2 scrolls of blinking
 W - a scroll of identify
Potions
 a - a potion of lignification
 c - a potion of flight {unknown}
 h - a potion of magic
 j - 3 potions of agility
 q - 6 potions of curing
 s - 2 potions of resistance
 t - 4 potions of heal wounds
 v - a potion of mutation {unknown}
 x - 4 potions of might
 A - a potion of invisibility {unknown}
 B - 2 potions of berserk rage {unknown}
 D - 4 potions of ambrosia {unknown}
 J - 2 potions of brilliance {unknown}
Comestibles
 d - 20 rations
 T - 12 chunks of flesh


   Skills:
 + Level 9.3 Fighting
 - Level 7.2 Armour
 - Level 1.5 Dodging
 - Level 2.1 Stealth
 + Level 12.9 Shields
 - Level 7.1 Spellcasting
 - Level 7.4 Conjurations
 - Level 2.9 Transmutations
 - Level 9.6 Earth Magic


You had 5 spell levels left.
You knew the following spells:

 Your Spells              Type           Power        Failure   Level  Hunger
a - Sandblast             Erth           ######       1%          1    None
b - Stone Arrow           Conj/Erth      ######       1%          3    None
c - Petrify               Tmut/Erth      #####...     6%          4    ##.....
d - Passwall              Tmut/Erth      #####...     1%          2    None
e - Sticks to Snakes      Tmut           ####....     3%          2    None
f - Lee's Rapid Deconstr  Erth           ######....   1%          5    ####...
g - Mephitic Cloud        Conj/Pois/Air  ###.....     2%          3    None

Your spell library contained the following spells:

 Spells                   Type           Power        Failure   Level  Hunger
 Freezing Cloud           Conj/Ice/Air   ###.......   71%         6    ######.
 Freeze                   Ice            ##..         2%          1    None
 Summon Ice Beast         Ice/Summ       ##......     63%         4    ##.....
 Spider Form              Tmut/Pois      ###.......   14%         3    None
 Blade Hands              Tmut           ####......   56%         5    ####...
 Ice Form                 Ice/Tmut       ###.....     43%         4    ##.....
 Dragon Form              Tmut           ####......   100%        7    #######
 Beastly Appendage        Tmut           ####..       2%          1    None


Dungeon Overview and Level Annotations

Branches:
Dungeon (12/15)            Temple (0/1) D:7            Lair (0/6) D:9
    Orc (0/2) D:9

Altars:
Dithmenos
Elyvilon
Fedhas
Gozag
Kikubaaqudgha
Nemelex Xobeh
Okawaru
Ru
Sif Muna
Uskayaw
Vehumet
Wu Jian
Xom
The Shining One

Annotations:
D:6 3 runed doors, Azzok's ghost, novice DEEE
D:7 , 6 runed doors, 2 transporters, Kholdaimon's ghost, novice GrEE; SpeedyPerson7's ghost, novice GnSu; dleb1993's ghost, novice TrMo; marsu's ghost, novice OgBe; motoroller71's ghost, novice GnFi


Innate Abilities, Weirdness & Mutations

You are resistant to torment.
Your stone body is resilient. (AC +8)
You are immune to poison.
You resist negative energy. (rN+)
You are resistant to electric shocks. (rElec)
You can survive without breathing.
You are immune to petrification.
You are immune to rotting.


Message History

Press: ? - help, Shift-Dir - straight line, f - white ugly thing
Aim: a white ugly thing (chance to defeat MR: 53%)
The white ugly thing resists with significant effort.
Throwing (i - inventory. (/) - cycle)
b - 65 stones (quivered)
Press: ? - help, Shift-Dir - straight line, f/p - white ugly thing
Aim: a white ugly thing You throw a stone.
The stone hits the white ugly thing but does no damage.
Attack whom?
Press: ? - help, Dir - move target cursor, f/p - white ugly thing
Aim: a white ugly thing You reach to attack!
You barely miss the white ugly thing.
You are feeling hungry.
You puncture the white ugly thing!
The white ugly thing is lightly wounded.
The white ugly thing claws you! The white ugly thing freezes you!!
You feel a terrible chill! The white ugly thing claws you.
The white ugly thing freezes you!!!
You feel a terrible chill!
Ouch! That really hurt!
You die...

............#....#
...............#.#
...####'######.#.#
#..# #.......#...#
...# #.......#...#
#### #####...#.#.#
#######...#...#
#.........#...#
#.........#.#@#
#.........#.#u#
###########...#
#..(# #...# #...#
#...# #...#


You could see a white ugly thing.

Vanquished Creatures
  An orc warlord (Bailey)
  3 hydras (D:11)
  5 two-headed ogres
  5 skeletal warriors (D:11)
  An orc knight (Bailey)
  A manticore (D:10)
  2 centaur skeletons
  3 trolls
  3 hippogriffs
  A spriggan (D:7)
  5 yaks
  A wyvern (D:11)
  Eustachio (D:6)
  3 water moccasins
  16 orc warriors
  3 ogres
  2 ice beasts (D:7)
  2 sky beasts
  A phantom (D:9)
  A necrophage (D:11)
  2 black bears
  4 centaurs
  2 big kobolds
  5 bullfrogs
  A wyvern skeleton (D:6)
  4 scorpions
  4 killer bees (D:10)
  4 wights (D:8)
  3 howler monkeys
  2 electric eels (D:7)
  8 crimson imps
  2 quasits
  3 bullfrog zombies
  12 orc priests
  2 centaur zombies
  6 jellies
  9 hounds
  Crazy Yiuf (D:3)
  An iguana (D:6)
  15 orc wizards
  2 worker ants
  Natasha (thrice) (D:3)
  A hound zombie (D:5)
  3 hound skeletons
  Robin (D:4)
  2 worker ant zombies (D:6)
  12 gnolls
  12 adders
  2 shadow imps (D:7)
  3 oozes
  An adder zombie (D:6)
  2 adder skeletons
  3 worms (D:2)
  6 dart slugs
  5 leopard geckos
  60 orcs
  8 bats
  8 giant cockroaches
  38 goblins
  30 hobgoblins
  3 jackals (D:3)
  3 quokkas
  A ball python (D:2)
  4 frilled lizards
  A giant cockroach zombie (D:6)
  A jackal skeleton (D:6)
  21 kobolds
  A leopard gecko zombie (D:5)
  2 quokka skeletons
  2 quokka zombies (D:5)
  4 rats
395 creatures vanquished.

Notes
Turn   | Place    | Note
-------+----------+-------------------------------------------
     0 | D:1      | Oravi the Gargoyle Earth Elementalist began the quest for the Orb.
     0 | D:1      | Reached XP level 1. HP: 10/10 MP: 3/3
   155 | D:1      | Reached XP level 2. HP: 6/15 MP: 0/5
   614 | D:1      | Reached XP level 3. HP: 20/20 MP: 2/6
   919 | D:1      | Reached skill level 1 in Fighting
  1196 | D:2      | Found an opulent altar of Gozag.
  1354 | D:2      | Reached XP level 4. HP: 25/25 MP: 4/8
  1679 | D:2      | Found an iron altar of Okawaru.
  2025 | D:2      | Learned a level 3 spell: Stone Arrow
  2301 | D:2      | Reached XP level 5. HP: 25/30 MP: 9/9
  2525 | D:3      | Reached skill level 5 in Earth Magic
  2608 | D:3      | Noticed Natasha
  2657 | D:3      | Killed Natasha
  2799 | D:3      | Found a runed door.
  2845 | D:3      | Noticed Natasha
  2848 | D:3      | Killed Natasha
  2848 | D:3      | Reached skill level 1 in Conjurations
  2851 | D:3      | Found a white marble altar of Elyvilon.
  3044 | D:3      | Reached XP level 6. HP: 36/36 MP: 8/11
  3603 | D:3      | Noticed Natasha
  3609 | D:3      | Killed Natasha
  3763 | D:4      | Found a sparkling altar of Nemelex Xobeh.
  3807 | D:4      | Reached XP level 7. HP: 40/41 MP: 10/13
  4494 | D:4      | Noticed Robin
  4540 | D:4      | Killed Robin
  4748 | D:4      | Found a sacrificial altar of Ru.
  5097 | D:5      | Entered Level 5 of the Dungeon
  5493 | D:5      | Reached XP level 8. HP: 48/48 MP: 11/15
  5525 | D:5      | Found a deep blue altar of Sif Muna.
  6049 | D:6      | Reached skill level 5 in Fighting
  6049 | D:6      | Reached skill level 5 in Spellcasting
  6132 | D:6      | Found a runed gate.
  6159 | D:6      | Found a runed gate.
  6160 | D:6      | Found a runed gate.
  6454 | D:6      | Reached skill level 5 in Conjurations
  6468 | D:6      | Found an ornate altar of the Wu Jian Council.
  6685 | D:6      | Got an ichor-stained trident
  6801 | D:6      | Reached XP level 9. HP: 35/55 MP: 13/17
  6824 | D:6      | Noticed Eustachio
  6833 | D:6      | Killed Eustachio
  6930 | D:6      | Noticed Azzok's ghost (novice DEEE)
  7045 | D:6      | Found an ancient bone altar of Kikubaaqudgha.
  7058 | D:6      | Found a radiant altar of Vehumet.
  7070 | D:6      | Became a worshipper of Vehumet
  7080 | D:6      | Found a deep blue altar of Sif Muna.
  7153 | D:6      | Found a shimmering altar of Xom.
  7606 | D:3      | Noticed Crazy Yiuf
  7614 | D:3      | Killed Crazy Yiuf
  7704 | D:7      | Found a transporter.
  7722 | D:7      | Found a transporter.
  7933 | D:7      | Found a staircase to the Ecumenical Temple.
  7956 | D:7      | Found a hide-covered altar of Uskayaw.
  8026 | D:7      | Learned a level 4 spell: Petrify
  8029 | D:7      | Learned a level 2 spell: Passwall
  8032 | D:7      | Learned a level 2 spell: Sticks to Snakes
  8160 | D:7      | Reached skill level 1 in Transmutations
  8312 | D:7      | Found a runed gate.
  8313 | D:7      | Found a runed gate.
  8314 | D:7      | Found a runed gate.
  8315 | D:7      | Noticed motoroller71's ghost (novice GnFi)
  8315 | D:7      | Noticed marsu's ghost (novice OgBe)
  8315 | D:7      | Noticed dleb1993's ghost (novice TrMo)
  8315 | D:7      | Noticed Kholdaimon's ghost (novice GrEE)
  8316 | D:7      | Noticed SpeedyPerson7's ghost (novice GnSu)
  8670 | D:8      | Noticed a two-headed ogre
  8714 | D:8      | Found a shadowy altar of Dithmenos.
  8714 | D:8      | Noticed a two-headed ogre
  9056 | D:7      | Found a transporter.
  9092 | D:7      | Found a transporter.
  9102 | D:7      | Found a staircase to the Ecumenical Temple.
  9142 | D:7      | Found a hide-covered altar of Uskayaw.
  9273 | D:7      | Found a runed gate.
  9273 | D:7      | Found a runed gate.
  9273 | D:7      | Found a runed gate.
  9464 | D:7      | Killed a two-headed ogre
  9464 | D:7      | Reached XP level 10. HP: 63/63 MP: 11/20
  9646 | D:8      | Identified the +6 trident of a bailey {pierce, rPois rC- Int+4} (You found it on level 6 of the Dungeon)
  9649 | D:8      | Reached * piety under Vehumet
  9649 | D:8      | Offered knowledge of Freeze by Vehumet.
  9681 | D:8      | Got a brightly glowing jade ring
  9682 | D:8      | Identified the ring of Royalty {rPois MR+ Stlth+} (You found it on level 8 of the Dungeon)
  9825 | D:8      | Killed a two-headed ogre
 10007 | D:8      | Reached skill level 1 in Shields
 10169 | D:8      | Reached skill level 2 in Shields
 10294 | D:6      | Reached skill level 3 in Shields
 10351 | D:7      | Reached skill level 4 in Shields
 10487 | D:9      | Found a glowing golden altar of the Shining One.
 10525 | D:9      | Noticed a two-headed ogre
 10673 | D:9      | Found a staircase to the Lair.
 10696 | D:9      | Reached skill level 5 in Shields
 11122 | D:8      | Reached skill level 6 in Shields
 11342 | D:9      | Found a staircase to the Orcish Mines.
 11649 | D:9      | Killed a two-headed ogre
 11649 | D:9      | Reached skill level 8 in Shields
 11649 | D:9      | Reached XP level 11. HP: 68/68 MP: 10/21
 11745 | D:9      | Found a blossoming altar of Fedhas.
 11779 | D:9      | Offered knowledge of Shock by Vehumet.
 11905 | D:9      | Reached ** piety under Vehumet
 12067 | D:9      | Found a staircase to the Lair.
 12152 | D:9      | Found a staircase to the Orcish Mines.
 12190 | D:9      | Found a blossoming altar of Fedhas.
 12257 | D:9      | Found a glowing golden altar of the Shining One.
 12376 | D:10     | Entered Level 10 of the Dungeon
 12517 | D:10     | Found a flagged portal.
 12542 | Bailey   | Entered a bailey
 12615 | Bailey   | Reached skill level 9 in Shields
 12885 | Bailey   | Offered knowledge of Searing Ray by Vehumet.
 13100 | Bailey   | Reached *** piety under Vehumet
 13131 | Bailey   | Noticed an orc knight
 13168 | Bailey   | Killed an orc knight
 13656 | Bailey   | Reached skill level 10 in Shields
 13795 | Bailey   | Offered knowledge of Mephitic Cloud by Vehumet.
 13802 | Bailey   | Learned a level 5 spell: Lee's Rapid Deconstruction
 13806 | Bailey   | Learned a level 3 spell: Mephitic Cloud
 13810 | Bailey   | Noticed an orc warlord
 13958 | Bailey   | Identified the Compendium of Icy Moulding
 14207 | Bailey   | Killed an orc warlord
 14207 | Bailey   | Reached skill level 11 in Shields
 14377 | Bailey   | Identified 2 scrolls of acquirement
 14469 | D:10     | Noticed a two-headed ogre
 14479 | D:10     | Killed a two-headed ogre
 14542 | D:10     | Noticed a manticore
 14557 | D:10     | Killed a manticore
 14745 | D:10     | Reached **** piety under Vehumet
 15448 | D:10     | Offered knowledge of Irradiate by Vehumet.
 15578 | D:11     | Noticed a cyclops
 15581 | D:11     | Reached XP level 12. HP: 58/73 MP: 22/22
 15653 | D:11     | Noticed a two-headed ogre
 15668 | D:11     | Killed a two-headed ogre
 15668 | D:11     | Reached skill level 12 in Shields
 15677 | D:11     | Reached skill level 5 in Armour
 15725 | D:11     | You fall through a shaft!
 15750 | D:11     | Noticed a five-headed hydra
 15758 | D:11     | Killed a five-headed hydra
 16411 | D:11     | Noticed a six-headed hydra
 16419 | D:11     | Killed a six-headed hydra
 16431 | D:11     | Noticed a four-headed hydra
 16436 | D:11     | Killed a four-headed hydra
 16632 | D:11     | Mangled by a white ugly thing

Vault maps used:
D:1:      saegor_arrival_simple_a
D:2:      overflow_temple_1_default, overflow_temple_1_default, corexii_shack,
          minmay_goblin_kobold_house
D:3:      lemuel_crystal_altar, kennysheep_big_empty_room, minmay_hedge_maze,
          uniq_crazy_yiuf_cottage, uniq_natasha
D:4:      minmay_wonky_spiral, nicolae_overflow_hidden_temple,
          nicolae_ru_the_path_less_chosen, first_ration, uniq_robin
D:5:      serial_undead, serial_undead_c, serial_undead_f, serial_undead_a,
          serial_undead_f, nrook_mini_backslash, lemuel_blue_sif_altar
D:6:      cheibrodos_barr_body, palyth_temple_overflow_mages,
          lemuel_coloured_pillars_altar, nicolae_overflow_crystal_walls,
          gammafunk_ghost_necromancy, uniq_eustachio
D:7:      gammafunk_steamed_eel, eat_drink_and_be_merry_uskayaw,
          minmay_temple_entry_overgrown, gammafunk_ghost_cemetery, the_bakery
D:8:      nicolae_dithmenos_through_a_glass_darkly
D:9:      marbit_many_paths, lair_entry_dummy, david_orc_3, fedhas_altar_4
D:10:     enter_bailey_3
D:12:     basic_altar, serial_shops, shop_fountains
Bailey:   bailey_axe_minmay_hex_keep, bailey

Skill      XL: |  1  2  3  4  5  6  7  8  9 10 11 12 |
---------------+-------------------------------------+-----
Earth Magic    | 4 5 6 7 9 |  9.6
Fighting       | 1 2 3 4 5 7 9 |  9.3
Spellcasting   | 3 4 5 6 7 |  7.1
Conjurations   | 1 2 3 5 7 |  7.4
Transmutations | 2 |  2.9
Shields        | 8 11 12 | 12.9
Armour         | 4 7 |  7.2
Dodging        | |  1.5
Stealth        | |  2.1

Action                   |  1- 3 |  4- 6 |  7- 9 | 10-12 || total
-------------------------+-------+-------+-------+-------++-------
Melee: Short sword       |    12 |       |       |       ||    12
       Whip              |    72 |    76 |   168 |     2 ||   318
       Dagger            |       |   100 |   347 |   596 ||  1043
       Trident           |       |       |       |    71 ||    71
       War axe           |       |       |       |     4 ||     4
Throw: Stone             |     1 |     8 |    14 |    21 ||    44
 Cast: Sandblast         |    26 |    37 |    63 |   101 ||   227
       Stone Arrow       |       |       |    14 |    56 ||    70
       Petrify           |       |       |     5 |    38 ||    43
       Lee's Rapid Decon |       |       |       |    18 ||    18
       Sticks to Snakes  |       |       |       |     5 ||     5
       Mephitic Cloud    |       |       |       |     3 ||     3
Evoke: Wand              |       |       |       |    18 ||    18
  Use: Scroll            |       |       |    16 |     5 ||    21
       Potion            |       |       |       |     1 ||     1
 Stab: Sleeping          |     2 |     6 |     2 |     7 ||    17
       Distracted        |       |     1 |       |     2 ||     3
       Petrified         |       |       |       |    19 ||    19
       Paralysed         |       |       |       |    13 ||    13
       Petrifying        |       |       |       |     1 ||     1
  Eat: Chunk             |     2 |     6 |    16 |    29 ||    53
       Ration            |       |       |     1 |     1 ||     2
Armor: Robe              |    26 |    62 |   223 |   180 ||   491
       Leather armour    |       |       |       |   110 ||   110
Dodge: Dodged            |    72 |   108 |   315 |   315 ||   810
Block: Shield            |       |       |       |   149 ||   149

Table legend:
 A = Spawn XP
 B = Non-spawn XP
 C = Spawn XP percentage of total XP
 D = Spawn monster count
 E = Non-spawn monster count
 F = Spawn count percentage of total count
 G = Total turns spent on level
                    A         B        C        D         E        F      G
               +---------+---------+-------+---------+---------+-------+---------
         Total |       0 |   28235 |   0.0 |       0 |     395 |   0.0 | 16632
               +---------+---------+-------+---------+---------+-------+---------
           D:1 |       0 |      60 |   0.0 |       0 |      26 |   0.0 |  1186
           D:2 |       0 |     111 |   0.0 |       0 |      35 |   0.0 |  1313
           D:3 |       0 |     255 |   0.0 |       0 |      30 |   0.0 |  1463
           D:4 |       0 |     669 |   0.0 |       0 |      38 |   0.0 |  1360
           D:5 |       0 |     396 |   0.0 |       0 |      23 |   0.0 |   892
           D:6 |       0 |    1740 |   0.0 |       0 |      36 |   0.0 |  1707
           D:7 |       0 |    2527 |   0.0 |       0 |      27 |   0.0 |  1843
           D:8 |       0 |    1863 |   0.0 |       0 |      15 |   0.0 |   805
           D:9 |       0 |    3059 |   0.0 |       0 |      36 |   0.0 |  2071
          D:10 |       0 |    3583 |   0.0 |       0 |      33 |   0.0 |  1151
          D:11 |       0 |    9987 |   0.0 |       0 |      26 |   0.0 |   980
          D:12 |       0 |      13 |   0.0 |       0 |       1 |   0.0 |     9
        Bailey |       0 |    3972 |   0.0 |       0 |      69 |   0.0 |  1852
               +---------+---------+-------+---------+---------+-------+---------
